 Dungeon Crawl Stone Soup version 0.30-a0-964-gd452b5e7fa (webtiles) character file.

Game seed: 13628531135453553725

68 vishdafish the Conjurer (level 4, 24/30 HPs)
             Began as a Demonspawn Conjurer on Mar 30, 2023.
             Quit the game on level 3 of the Dungeon.
             The game lasted 00:01:59 (2939 turns).

vishdafish the Conjurer (Demonspawn Conjurer)       Turns: 2939, Time: 00:01:59

Health: 24/30      AC:  5    Str:  7    XL:     4   Next: 1%
Magic:  0/8        EV: 12    Int: 22    God:
Gold:   112        SH:  0    Dex: 11    Spells: 8/9 levels left

rFire   . . .      SeeInvis .    d - +0 short sword
rCold   . . .      Faith    .    (no shield)
rNeg    . . .      Spirit   .    a - +0 robe
rPois   .          Reflect  .    (helmet restricted)
rElec   .          Rampage  .    (no cloak)
rCorr   .                        o - +2 pair of gloves
Will    .....                    (no boots)
Stlth   ++                       (no amulet)
HPRegen 0.25/turn                (no ring)
MPRegen 0.11/turn                (no ring)

@: no status effects
A: antennae 2, sanguine armour 1
a: no special abilities


You were on level 3 of the Dungeon.
You visited 1 branch of the dungeon, and saw 4 of its levels.

You collected 112 gold pieces.

Inventory:

Hand Weapons
 d - a +0 short sword (weapon)
Armour
 a - a +0 robe (worn)
 o - a +2 pair of gloves (worn)
Jewellery
 g - a +6 ring of intelligence
Wands
 i - a wand of polymorph (9)
Scrolls
 h - a scroll of noise {unknown}
 m - 2 scrolls of silence {unknown}
 n - a scroll of enchant armour {unknown}
Potions
 b - 3 potions of magic
 c - a potion of haste {unknown}
 e - a potion of flight {unknown}
 f - 3 potions of curing {unknown}
 j - a potion of heal wounds {unknown}
 k - a potion of attraction {unknown}
 l - a potion of brilliance {unknown}


   Skills:
 - Level 1.7 Dodging
 - Level 1.7 Stealth
 + Level 3.1 Spellcasting
 + Level 4.8 Conjurations


You had 8 spell levels left.
You knew the following spells:

 Your Spells              Type           Power      Damage    Failure   Level
a - Magic Dart            Conj           96%        1d7       1%          1

Your spell library contained the following spells:

 Spells                   Type           Power      Damage    Failure   Level
 Searing Ray              Conj           48%        2d6       2%          2
 Dazzling Flash           Conj/Hex       28%        N/A       14%         3
 Vhi's Electric Charge    Tloc/Air       6%         N/A       36%         3
 Fulminant Prism          Conj/Hex       7%         3d7       41%         4
 Iskenderun's Mystic Bla  Conj/Tloc      14%        2d5       41%         4
 Arcjolt                  Conj/Air       7%         1d17      77%         5
 Maxwell's Capacitive Co  Air            1%         ∞         100%        8


Dungeon Overview and Level Annotations

Branches:
Dungeon (4/15)
 Temple: D:4-7

Altars:


Innate Abilities, Weirdness & Mutations

You have a pair of antennae on your head.
When seriously injured, your blood forms armour. (AC +0)


Message History

There is an open door, spattered with blood here.
A ball python is nearby!
A ball python is nearby!
The magic dart hits the ball python.
You kill the ball python!
You hear a shout!
You can't see any susceptible monsters within range! (Use Z to cast anyway.)
You can't see any susceptible monsters within range! (Use Z to cast anyway.)
An endoplasm comes into view.
An endoplasm is nearby!
An endoplasm is nearby!
The magic dart hits the endoplasm but does no damage.
The endoplasm quivers.
The magic dart hits the endoplasm.
The endoplasm is severely wounded.
A gnoll comes into view. It is wielding a +0 whip.
The magic dart hits the endoplasm!
You kill the endoplasm!
The gnoll shouts!
A gnoll comes into view. It is wielding a +0 spear.
A gnoll comes into view. It is wielding a +0 flail.
You have reached level 4!
You feel clever.
Your demonic ancestry asserts itself...
You feel your blood ready itself to protect you.
You can't see any susceptible monsters within range! (Use Z to cast anyway.)
The magic dart hits the gnoll.
The gnoll is lightly wounded.
The gnoll shouts!
The magic dart hits the gnoll.
The gnoll is lightly wounded.
The magic dart hits the gnoll but does no damage.
The gnoll is lightly wounded.
The gnoll shouts!
A gnoll comes into view. It is wielding a +0 flail.
The magic dart hits the gnoll!
The gnoll is severely wounded.
The gnoll hits you with a +0 whip!
You are out of magic!
You are out of magic!
Are you sure you want to abandon this character and quit the game? (Confirm with "yes".)

............ #
.......g. #
...g... ######
######....# .#
#.....
..........###.###
#.....
#'#.#.....#
#.....
#g#.#..##.#
#.....
#g#.#..##.#
######
######@#.#..##.#
#......#.#.....#
#.######.......#
#.# #.......##.#
#.# #........#.#
#.# #####.##.#.#
#.##########.#.#
#....).......#.#
######
##############.#
#.....


You could see 3 gnolls.

Vanquished Creatures
  2 adders (D:3)
  A worm (D:2)
  9 bats
  4 endoplasms
  A giant cockroach (D:1)
  3 goblins
  5 hobgoblins
  2 jackals (D:2)
  2 quokkas
  4 ball pythons
  A frilled lizard (D:1)
  4 kobolds
  5 rats
43 creatures vanquished.

Notes
Turn   | Place    | Note
-------+----------+-------------------------------------------
     0 | D:1      | vishdafish the Demonspawn Conjurer began the quest for the
                  | Orb.
     0 | D:1      | Reached XP level 1. HP: 13/13 MP: 3/3
   662 | D:1      | Gained mutation: You have a pair of small antennae on your
                  | head. [demonic ancestry]
   662 | D:1      | Reached XP level 2. HP: 19/19 MP: 1/5
  1286 | D:2      | Gained mutation: You have a pair of antennae on your head.
                  | [demonic ancestry]
  1286 | D:2      | Reached XP level 3. HP: 24/24 MP: 0/7
  2516 | D:3      | Found a faded altar of an unknown god.
  2598 | D:3      | You fall into a shaft and drop 1 floor!
  2930 | D:3      | Gained mutation: When seriously injured, your blood forms
                  | armour. (AC +0) [demonic ancestry]
  2930 | D:3      | Reached XP level 4. HP: 30/30 MP: 3/8
  2939 | D:3      | Quit the game

Illustrated notes

Levels and vault maps discovered:
D:1:      nicolae_arrival_memento_mori, layout_basic
D:2:      layout_basic
D:3:      layout_basic, nicolae_ecumenical_pavilion, grunt_decor_resistance
D:4:      layout_cave_pools, minmay_cupped

Skill      XL: |  1  2  3 |
---------------+----------+-----
Spellcasting   | 3 |  3.1
Dodging        | |  1.7
Stealth        | |  1.7
Conjurations   | |  4.8

Action                     |  1- 3 |  4- 6 || total
---------------------------+-------+-------++-------
  Melee: Short sword       |    10 |       ||    10
   Cast: Magic Dart        |    95 |     4 ||    99
 Armour: Robe              |     3 |       ||     3
  Dodge: Dodged            |    11 |       ||    11

Table legend: (Time is in decaauts)
 A = Elapsed time spent in this place.
 B = Non-inter-level travel time spent in this place.
 C = Inter-level travel time spent in this place.
 D = Time resting spent in this place.
 E = Time spent auto-exploring this place.
 F = Levels seen in this place.
 G = Mean time per level.
                   A        B        C        D        E       F      G
               +--------+--------+--------+--------+--------+-----+--------+
         Total |   2937 |   2880 |     57 |      0 |   2661 |   4 |  734.2 |
       Dungeon |   2937 |   2880 |     57 |      0 |   2661 |   4 |  734.2 |
               +--------+--------+--------+--------+--------+-----+--------+

Top non-repeatable levels by time:
     D:2: 1412 daAuts
     D:1: 1102 daAuts
     D:3: 395 daAuts
     D:4: 26 daAuts
